 Dungeon Crawl Stone Soup version 0.31-a0-1620-gcbf77bbcfc (webtiles) character file.

Game seed: 5528011576441867475

152 Newt the Shooter (level 5, -1/35 HPs)
             Began as a Kobold Hunter on Jan 11, 2024.
             Slain by Sigmund
             ... wielding a +0 scythe
              (7 damage)
             ... on level 3 of the Dungeon.
             The game lasted 00:01:41 (1916 turns).

Newt the Shooter (Kobold Hunter)                    Turns: 1916, Time: 00:01:42

Health: -1/35      AC:  4    Str:  9    XL:     5   Next: 60%
Magic:  0/5        EV: 14    Int: 10    God:
Gold:   132        SH:  0    Dex: 20    Spells: 4/4 levels left

rFire   . . .        a - +2 shortbow (freeze)
rCold   . . .        (shield currently unavailable)
rNeg    . . .        c - +1 leather armour
rPois   .            (no helmet)
rElec   .            (no cloak)
rCorr   +            (no gloves)
SInv    .            (no boots)
Will    .....        f - amulet of guardian spirit
Stlth   +++          k - ring of resist corrosion
HPRegen 0.25/turn    (no ring)
MPRegen 0.09/turn

%: guardian spirit
@: no status effects
A: small, no large weapons, nightstalker 3
a: no special abilities


You were on level 3 of the Dungeon.
You visited 1 branch of the dungeon, and saw 3 of its levels.

You collected 132 gold pieces.

Inventory:

Hand Weapons
 a - a +2 shortbow of freezing (weapon)
Armour
 c - a +1 leather armour (worn)
Jewellery
 f - an amulet of guardian spirit (around neck)
 k - a ring of resist corrosion (left hand)
Scrolls
 b - a scroll of butterflies
 h - a scroll of identify
 i - a scroll of enchant armour
Potions
 d - 3 potions of lignification
 e - a potion of curing
 g - a potion of attraction {unknown}
 j - a potion of heal wounds {unknown}


   Skills:
 - Level 5.0 Fighting
 + Level 6.5 Ranged Weapons
 - Level 2.4 Dodging
 - Level 1.3 Stealth


You had 4 spell levels left.
You didn't know any spells.
Your spell library was empty.

Dungeon Overview and Level Annotations

Branches:
Dungeon (3/15)

Altars:

Annotations:
D:3 Sigmund


Innate Abilities, Weirdness & Mutations

You are small and have problems with some larger weapons.
You are completely attuned to the shadows.


Message History

You shoot an arrow. The arrow closely misses the gnoll.
A gnoll comes into view. It is wielding a +0 flail.
The gnoll barely misses you.
You shoot an arrow. The arrow hits the gnoll.
The arrow freezes the gnoll.
The gnoll is almost dead.
You shoot an arrow. The arrow hits the gnoll!
The arrow freezes the gnoll.
The gnoll is severely wounded.
You shoot an arrow. The arrow hits the gnoll.
The arrow freezes the gnoll.
The gnoll is almost dead.
The gnoll hits you with a +0 flail!
Sigmund the Dreaded comes into view.
He is wielding a +0 scythe.
You shoot an arrow. The arrow hits the gnoll.
The arrow freezes the gnoll.
You kill the gnoll!
The gnoll hits you with a +0 flail.
Sigmund casts a spell.
Sigmund flickers and vanishes!
Deactivating autopickup; reactivate with Ctrl-A.
The gnoll barely misses you.
You hear a shout!
You shoot an arrow.
The arrow hits the gnoll but does no damage.
The gnoll is almost dead.
The gnoll hits you with a +0 flail.
You shoot an arrow.
The arrow hits the gnoll but does no damage.
The gnoll is almost dead.
The gnoll completely misses you. Something hits you!
You shoot an arrow. The arrow barely misses the gnoll.
The gnoll closely misses you.
You shoot an arrow. The arrow barely misses the gnoll.
Something hits you!
* * * LOW HITPOINT WARNING * * *
The gnoll barely misses you.
Unknown command.
The gnoll attacks as it pursues you! The gnoll hits you with a +0 flail.
* * * LOW HITPOINT WARNING * * *
You shoot an arrow.
The arrow hits the gnoll but does no damage.
The gnoll is almost dead.
The gnoll closely misses you. Something hits you!
You die...

#......... #
#......... #
#####........#
######.......$...##
##...†..†.........##.
...##...).###.#).....
..........# #.....
#.......... ##g....
........... #.@....
......... ..###......
..##.#### #.##.......
###..# #.##.......
#.## #.##.......
###)### ###.........
...†..###....##.....
............#....###
.........####.##...


You could see a gnoll.

Vanquished Creatures
  9 gnolls
  An adder (D:3)
  2 ribbon worms (D:2)
  3 orcs (D:3)
  3 endoplasms
  A giant cockroach (D:2)
  4 goblins
  2 hobgoblins
  3 kobolds (D:2)
  3 quokkas
  9 ball pythons
  5 bats
  3 frilled lizards
  3 rats
51 creatures vanquished.

Notes
Turn   | Place    | Note
-------+----------+-------------------------------------------
     0 | D:1      | Newt the Kobold Hunter began the quest for the Orb.
     0 | D:1      | Reached XP level 1. HP: 12/12 MP: 1/1
   424 | D:1      | Reached XP level 2. HP: 18/18 MP: 2/2
  1052 | D:2      | Reached XP level 3. HP: 22/23 MP: 3/3
  1550 | D:2      | Reached XP level 4. HP: 30/30 MP: 4/4
  1746 | D:3      | Reached skill level 5 in Fighting
  1828 | D:3      | Reached XP level 5. HP: 35/35 MP: 5/5
  1836 | D:3      | Reached skill level 6 in Ranged Weapons
  1908 | D:3      | Noticed Sigmund
  1916 | D:3      | Slain by Sigmund

Illustrated notes

Levels and vault maps discovered:
D:1:      amcnicky_arrival_flooded_fountain, layout_basic
D:2:      layout_basic
D:3:      layout_rooms, kennysheep_generic_room_6, uniq_sigmund

Skill      XL: |  1  2  3  4  5 |
---------------+----------------+-----
Fighting       | 3 4 5 |  5.0
Ranged Weapons | 6 |  6.5
Dodging        | |  2.4
Stealth        | |  1.3

Action                     |  1- 3 |  4- 6 || total
---------------------------+-------+-------++-------
   Fire: Shortbow          |    65 |    48 ||   113
    Use: Scroll            |     8 |     1 ||     9
 Armour: Leather armour    |    16 |    15 ||    31
  Dodge: Dodged            |    14 |    14 ||    28

Table legend: (Time is in decaauts)
 A = Elapsed time spent in this place.
 B = Non-inter-level travel time spent in this place.
 C = Inter-level travel time spent in this place.
 D = Time resting spent in this place.
 E = Time spent auto-exploring this place.
 F = Levels seen in this place.
 G = Mean time per level.
                   A        B        C        D        E       F      G
               +--------+--------+--------+--------+--------+-----+--------+
         Total |   1935 |   1886 |     49 |    106 |   1554 |   3 |  645.0 |
       Dungeon |   1935 |   1886 |     49 |    106 |   1554 |   3 |  645.0 |
               +--------+--------+--------+--------+--------+-----+--------+

Top non-repeatable levels by time:
     D:2: 962 daAuts
     D:1: 755 daAuts
     D:3: 216 daAuts
